 Dungeon Crawl Stone Soup version 0.26-b1-52-g61e05abef2 (webtiles) character file.

Game seed: 8469582737551568777

49 DildoBatman the Conjurer (level 4, -1/30 HPs)
             Began as a Formicid Conjurer on Jan 7, 2021.
             Slain by an adder (3 damage)
             ... on level 2 of the Dungeon.
             The game lasted 00:03:48 (1468 turns).

DildoBatman the Conjurer (Formicid Conjurer)        Turns: 1468, Time: 00:03:49

Health: -1/30      AC:  2    Str: 12    XL:     4   Next: 1%
Magic:  7/7        EV: 12    Int: 18    God:
Gold:   55         SH:  5    Dex:  9    Spells: 4/7 levels left

rFire    . . .     SeeInvis +   b - +0 short sword
rCold    . . .     Faith    .   (no shield)
rNeg     . . .     Spirit   .   a - +0 robe
rPois    .         Reflect  +   (helmet unavailable)
rElec    .         Harm     .   (no cloak)
rCorr    .         Rampage  .   (no gloves)
Will     .....                  (no boots)
Stlth    ++........             g - amulet of reflection
HPRegen  0.10/turn              (no ring)
MPRegen  0.10/turn              (no ring)

@: lethally poisoned (-1 -> -6)
A: permanent stasis, dig shafts and tunnels, four strong arms, antennae 3
a: Dig, Shaft Self


You were on level 2 of the Dungeon.
You visited 1 branch of the dungeon, and saw 2 of its levels.

You collected 55 gold pieces.

Inventory:

Hand Weapons
 b - a +0 short sword (weapon)
 h - a +0 hunting sling
Missiles
 d - 91 stones
 k - 17 sling bullets
 l - 8 silver javelins
Armour
 a - a +0 robe (worn)
Jewellery
 g - an amulet of reflection (around neck)
Scrolls
 e - 3 scrolls of identify {unknown}
 f - a scroll of blinking {unknown}
 j - a scroll of enchant armour {unknown}
Potions
 c - a potion of resistance {unknown}
 i - a potion of curing {unknown}
 m - a potion of degeneration {unknown}


   Skills:
 - Level 1.7 Dodging
 - Level 2.4 Stealth
 - Level 2.1 Spellcasting
 * Level 4.8 Conjurations


You had 4 spell levels left.
You knew the following spells:

 Your Spells              Type           Power        Failure   Level
a - Searing Ray           Conj           38%          3%          2
c - Magic Dart            Conj           76%          2%          1

Your spell library contained the following spells:

 Spells                   Type           Power        Failure   Level
 Dazzling Flash           Conj/Hex       20%          21%         3
 Fulminant Prism          Conj/Hex       5%           54%         4
 Iskenderun's Mystic Bla  Conj/Tloc      10%          54%         4


Dungeon Overview and Level Annotations

Branches:
Dungeon (2/15)

Altars:


Innate Abilities, Weirdness & Mutations

You cannot be hasted, slowed, berserked, paralysed or teleported.
You can dig through walls and to a lower floor.
Your four strong arms can wield two-handed weapons with a shield.
You have a pair of large antennae on your head. (SInv)


Message History

r - Retreat! s - Stop attacking. g - Guard the area. f - Follow me.
Anything else - Cancel.
You shout for attention!
The adder bites you. The adder closely misses you.
You block the kobold's attack. What are your orders? t - Shout!
Orders for allies: a - Attack new target. r - Retreat! s - Stop attacking. g - Guard the area. f - Follow me.
Anything else - Cancel.
You shout for attention!
You feel sick. The adder bites you but does no damage.
You block the adder's attack. The kobold barely misses you.
The adder bites you.
You die...

####### .......
.......#########
.......K@S......
######S#######.
#.....#......# ######
#.#(..#.####.# #....#
#.#.###.####.# #.##.#
#............# #.##.#
###.[......###.#.##.#
>....###........#.##.#
#..... ####.#####.##.#


You could see 2 adders and a kobold.

Vanquished Creatures
  A gnoll (D:1)
  An adder (D:2)
  5 bats (D:1)
  A giant cockroach (D:1)
  3 hobgoblins (D:1)
  3 jackals (D:1)
  4 kobolds (D:1)
  2 frilled lizards (D:1)
  3 goblins (D:1)
  9 rats (D:1)
32 creatures vanquished.

Notes
Turn   | Place    | Note
-------+----------+-------------------------------------------
     0 | D:1      | DildoBatman the Formicid Conjurer began the quest for the
                  | Orb.
     0 | D:1      | Reached XP level 1. HP: 13/13 MP: 3/3
   234 | D:1      | Reached XP level 2. HP: 19/19 MP: 3/5
   237 | D:1      | Reached skill level 4 in Conjurations
   653 | D:1      | Reached XP level 3. HP: 24/24 MP: 4/6
   656 | D:1      | Learned a level 2 spell: Searing Ray
  1379 | D:2      | Reached XP level 4. HP: 30/30 MP: 2/7
  1468 | D:2      | Slain by an adder

Illustrated notes

Levels and vault maps discovered:
D:1:      dpeg_arrival_houses_and_road, layout_basic, serial_co_window_serial,
          co_window_paths_a, co_window_paths_a, co_window_paths_a,
          co_window_paths_b, co_window_corner_a, co_window_paths_c,
          co_window_paths_c, co_window_broadway_a, co_window_unsneaky_path_b,
          co_window_unsneaky_path_e, co_window_cross_3, co_window_broadway_b,
          co_window_4corner_a, glass_columns_b, glass_columns_b,
          glass_columns_b, minmay_heptomino_w4
D:2:      layout_basic, grunt_temple_overflow_opulence,
          nicolae_overflow_hidden_temple, kennysheep_nub

Skill      XL: |  1  2 |
---------------+-------+-----
Conjurations   | 4 |  4.8
Dodging        | |  1.7
Stealth        | |  2.4
Spellcasting   | |  2.1

Action                   |  1- 3 |  4- 6 || total
-------------------------+-------+-------++-------
Melee: Short sword       |     6 |       ||     6
 Cast: Magic Dart        |    51 |       ||    51
       Searing Ray       |     2 |       ||     2
 Abil: Dig               |    12 |     1 ||    13
Armor: Robe              |     2 |     3 ||     5
Dodge: Dodged            |    12 |    14 ||    26
Block: Other             |       |     3 ||     3
